 Dungeon Sprint DCSS version 0.28-a0-1613-gdaab1c2f9b (webtiles) character file.

Game seed: 340403207107670980

359791 mhtbhm the Skullcrusher (level 19, -1/207 HPs)
             Began as a Minotaur Fighter on Jan 21, 2022.
             Was an Initiate of Gozag.
             Killed from afar by an acid blob (26 damage)
             ... with a splash of acid
             ... in the Dungeon (Sprint IX: "|||||||||||||||||||||||||||||").
             The game lasted 00:49:00 (10333 turns).

mhtbhm the Skullcrusher (Minotaur Fighter)         Turns: 10333, Time: 00:49:00

Health: -1/207     AC: 23    Str: 34    XL:     19   Next: 66%
Magic:  32/32      EV: 22    Int:  5    God:    Gozag
Gold:   15237      SH: 26    Dex: 14    Spells: 38/38 levels left

rFire   . . .      SeeInvis .   H - +9 sacred scourge (holy)
rCold   + + .      Faith    .   c - +1 tower shield
rNeg    + . .      Spirit   .   b - +17 storm dragon scales "Hadusei" {rElec Slay+2}
rPois   +          Reflect  .   Y - +2 hat
rElec   +          Harm     .   m - +0 cloak of Magic {rC++ Will-}
rCorr   .          Rampage  +   P - +0 pair of gloves "Dafu" {Rampage Will+ Dex+3 Slay+6}
Will    +....      Rage     1%  t - +0 pair of boots {Stlth+}
Stlth   +++++++... NoTele   +   (no amulet)
HPRegen 0.44/turn               y - ring "Cilio" {rPois rN+}
MPRegen 0.23/turn               I - +6 ring of strength

@: corroded, on berserk cooldown, slowed, very slow
A: horns 2, retaliatory headbutt, berserk 1, subdued magic 1
}: 6/17 runes: decaying, serpentine, barnacled, elven, silver, gossamer
a: Renounce Religion, Potion Petition, Call Merchant, Bribe Branch


You were in the Dungeon.
You worshipped Gozag.
Gozag was extremely pleased with you.
You visited 1 branch You collected 46723 gold pieces.
You spent 11761 gold pieces at shops.
You paid 19725 gold pieces to Gozag.

Inventory:

Hand Weapons
 a - a +2 morningstar of protection
 l - a +6 great mace of holy wrath
 u - a +1 demon whip of draining
 H - a +9 sacred scourge of holy wrath (weapon)
Missiles
 d - 13 poisoned darts (quivered)
Armour
 b - the +17 storm dragon scales "Hadusei" (worn) {rElec Slay+2}
   (You bought it in a shop in the Dungeon)

   Slay:      It affects your accuracy & damage with ranged weapons and melee
   (+2).
   rElec:     It insulates you from electricity.
 c - a +1 tower shield (worn)
 m - the +0 cloak of Magic (worn) {rC++ Will-}
   (You found it in the Dungeon)

   rC:        It greatly protects you from cold.
   Will:      It decreases your willpower.
 t - a +0 pair of boots of stealth (worn)
 D - a +1 cloak of poison resistance
 P - the +0 pair of gloves "Dafu" (worn) {Rampage Will+ Dex+3 Slay+6}
   (You found it in the Dungeon)

   Dex:       It affects your dexterity (+3).
   Slay:      It affects your accuracy & damage with ranged weapons and melee
   (+6).
   Rampage:   It bestows one free step when moving towards enemies.
   Will:      It increases your willpower.
 Y - a +2 hat (worn)
Jewellery
 x - the amulet "Zenkuni" {rF+ Will+ Regen+}
   (You bought it in a shop in the Dungeon)

   [amulet of regeneration]

   rF:        It protects you from fire.
   Regen:     It increases your rate of health regeneration.
   Will:      It increases your willpower.
 y - the ring "Cilio" (left hand) {rPois rN+}
   (You bought it in a shop in the Dungeon)

   [ring of poison resistance]

   rPois:     It protects you from poison.
   rN:        It protects you from negative energy.
 A - a ring of protection from fire
 B - a ring of see invisible
 I - a +6 ring of strength (right hand)
 J - a ring of resist corrosion
 S - the necklace of Bloodlust {*Rage Will++ Int-3 Slay+6}
   (You bought it in a shop in the Dungeon)

   [amulet of nothing]

   It extends the wearer's berserk rage when killing foes.
   Int:       It affects your intelligence (-3).
   Slay:      It affects your accuracy & damage with ranged weapons and melee
   (+6).
   *Rage:     It berserks you when you make melee attacks (+50% chance).
   Will:      It greatly increases your willpower.
 V - the ring "Usiashropt" {rF+ Dex+4 Slay+4 Stlth+}
   (You found it in the Dungeon)

   [ring of slaying]

   Dex:       It affects your dexterity (+4).
   Slay:      It affects your accuracy & damage with ranged weapons and melee
   (+4).
   rF:        It protects you from fire.
   Stlth:     It makes you more stealthy.
 X - the ring "Kuzider" {rN+ AC+3}
   (You found it in the Dungeon)

   [ring of protection]

   AC:        It affects your AC (+3).
   rN:        It protects you from negative energy.
Scrolls
 k - 2 scrolls of amnesia
 q - 11 scrolls of enchant armour
 r - a scroll of holy word
 s - 6 scrolls of fear
 w - 3 scrolls of immolation
 C - 5 scrolls of identify
 G - 4 scrolls of brand weapon
 N - 5 scrolls of blinking
Potions
 e - 8 potions of curing
 f - 9 potions of heal wounds
 g - 2 potions of brilliance
 h - 9 potions of magic
 i - 4 potions of haste
 n - a potion of berserk rage
 o - a potion of might
 p - 4 potions of mutation
 v - a potion of lignification
 E - a potion of attraction
 M - 4 potions of resistance
Miscellaneous
 j - a tin of tremorstones (2/2)
 z - a condenser vane
 F - a box of beasts


   Skills:
 O Level 27 Fighting
 + Level 1.3(1.6) Short Blades
 + Level 1.3(1.7) Long Blades
 + Level 1.4(18.1) Axes
 O Level 27 Maces & Flails
 + Level 1.3(2.0) Polearms
 + Level 1.3(18.1) Staves
 + Level 1.2(19.5) Slings
 + Level 1.2 Bows
 + Level 1.2 Crossbows
 O Level 27 Throwing
 O Level 27 Armour
 O Level 27 Dodging
 + Level 26.2 Stealth
 O Level 27 Shields
 + Level 1.2 Unarmed Combat
 * Level 10.1 Spellcasting
 + Level 0.7 Conjurations
 + Level 0.7 Hexes
 + Level 0.8 Summonings
 + Level 0.8 Necromancy
 + Level 0.8 Translocations
 + Level 1.0 Transmutations
 + Level 0.8 Fire Magic
 + Level 0.8 Ice Magic
 + Level 0.8 Air Magic
 + Level 1.0 Earth Magic
 + Level 0.8 Poison Magic
 + Level 1.3 Invocations
 O Level 27 Evocations


You had 38 spell levels left.
You didn't know any spells.
Your spell library contained the following spells:

 Spells                   Type           Power      Damage    Failure   Level
 Ensorcelled Hibernation  Hex/Ice        4%         N/A       32%         2
 Ignite Poison            Fire/Tmut/Pois 2%         N/A       54%         3
 Spider Form              Tmut/Pois      2%         N/A       54%         3
 Teleport Other           Tloc           2%         N/A       54%         3
 Conjure Flame            Conj/Fire      2%         6-21      56%         3
 Anguish                  Hex/Necr       1%         N/A       92%         4
 Sticky Flame             Conj/Fire      2%         2d3       93%         4
 Manifold Assault         Tloc           2%         N/A       100%        5
 Summon Forest            Summ/Tloc      1%         N/A       100%        5
 Eringya's Noxious Bog    Tmut/Pois      1%         N/A       100%        6


Dungeon Overview and Level Annotations

Branches:
Dungeon (1/1)

Altars:
Cheibriados
Dithmenos
Elyvilon
Fedhas
Gozag
Hepliaklqana
Kikubaaqudgha
Makhleb
Nemelex Xobeh
Okawaru
Qazlal
Ru
Sif Muna
Trog
Uskayaw
Vehumet
Wu Jian
Xom
Yredelemnul
Zin
The Shining One
Beogh
Jiyva
Lugonu

Shops:
D ?*[:*=!?***[*


Innate Abilities, Weirdness & Mutations

You have a pair of horns on your head.
You reflexively headbutt those who attack you in melee.
You tend to lose your temper in combat.
Your spells are a little easier to cast, but a little less powerful.


Message History

The rockslime is no longer distracted by gold. x2
The rockslime is distracted by your dazzling golden aura.
You see here 171 gold pieces.
You feel your anger nearly subside.
You see here 81 gold pieces.
You are no longer berserk.
You are exhausted.
You feel yourself slow down.
Things that are here:
162 gold pieces; 2 silver javelins The azure jelly is no longer distracted by gold.
The rockslime is distracted by your dazzling golden aura.
The azure jelly is distracted by your dazzling golden aura.
You see here 63 gold pieces.
You see here 261 gold pieces.
You now have 15237 gold pieces (gained 36).
There is an open door to the Slime Pits here.
Things that are here:
a +0 long sword; a +0 shortbow; 23 arrows
Things that are here:
a +1 long sword of protection; a +0 ring mail The acid blob spits acid at you.
The splash of acid hits you but does no damage.
The acid corrodes you!
Things that are here:
a +0 scimitar; a +0 shortbow; 13 arrows The acid blob spits acid at you.
The splash of acid hits you but does no damage.
The acid corrodes you!
You see here a +0 long sword.
The acid blob spits acid at you. The splash of acid hits you!!!
* * * LOW HITPOINT WARNING * * *
The acid corrodes you!
Things that are here:
a +0 longbow; 12 arrows; a +0 leather armour The acid blob spits acid at you.
The splash of acid hits you!!
You die...
Your body crumbles into a pile of gold.

,,,,+,+,,,,,,,,,,,,,,,,,,,,,,,,,,
*********************************
,,,,,,,,,,,,,,,,,,,,,,,,,,,,,,,,,
*********************************
+,,,,,,,,,+,,,,,,,,,+,,,,,,,,,,+,
*********************************
,,,,,,,,,,,,,,,,,,,,,,,,,,,,,,,,,
▓▓▓▓▓▓▓▓▓▓▓▓▓▓▓▓▓▓▓▓▓▓▓♣♣♣♣♣♣♣♣♣♣
J$.$$..'.J.)))))@)))).)..)))))).)
▓▓▓▓▓▓▓▓▓▓▓▓▓▓▓▓▓▓▓▓▓▓▓♣♣♣♣♣♣♣♣♣♣
.................................
▓▓▓▓▓▓▓▓▓▓▓▓▓▓▓▓▓▓▓▓▓▓▓▓▓▓▓▓▓▓▓▓▓
.......)...)..'.'.'.'........'..∩
▓▓▓▓▓▓▓▓▓▓▓▓▓▓▓▓▓▓▓▓▓▓▓▓▓▓▓▓▓▓▓▓▓
.................................
▓▓▓▓▓▓▓▓▓▓▓▓▓▓▓▓▓▓▓▓▓▓▓▓▓▓▓▓▓▓▓▓▓
.).)))'...)..))'..)..)['..)).)).)


You could see an acid blob.

Vanquished Creatures
  the Royal Jelly (D)
  4 ancient liches (D)
  5 orbs of fire (D)
  Mennas (D)
  Sojobo (D)
  Boris (D)
  Frederick (D)
  A curse toe (D)
  2 Killer Klowns (D)
  Xtahua (D)
  Nikola (D)
  7 golden dragons (D)
  Jory (D)
  3 electric golems (D)
  Rupert (D)
  2 tentacled monstrosities (D)
  4 liches (D)
  27 Orb Guardians (D)
  A deep elf master archer (D)
  2 deep elf blademasters (D)
  3 quicksilver dragons (D)
  4 acid blobs (D)
  2 sphinxes (D)
  Agnes (D)
  2 thorn hunters (D)
  4 tengu reavers (D)
  2 death cobs (D)
  Kirke (D)
  5 storm dragons (D)
  2 draconian monks (D)
  8 rockslimes (D)
  3 nagarajas (D)
  6 shadow dragons (D)
  4 frost giants (D)
  A deep elf sorcerer (D)
  Ilsuiw (D)
  3 azure jellies (D)
  5 vault wardens (D)
  2 fire giants (D)
  2 draconian knights (D)
  2 ghost moths (D)
  A draconian scorcher (D)
  Louise (D)
  4 emperor scorpions (D)
  An orc warlord (D)
  3 draconian stormcallers (D)
  A draconian shifter (D)
  2 ironbound preservers (D)
  A spriggan defender (D)
  2 quicksilver oozes (D)
  3 very ugly things (D)
  5 stone giants (D)
  2 green draconians (D)
  A deep elf demonologist (D)
  6 vampire knights (D)
  2 ironbound thunderhulks (D)
  An entropy weaver (D)
  5 white draconians (D)
  A bunyip (D)
  2 deep elf annihilators (D)
  2 purple draconians (D)
  5 red draconians (D)
  4 yellow draconians (D)
  3 ettins (D)
  Josephine (D)
  3 deep elf death magi (D)
  5 deep elf high priests (D)
  A yaktaur captain (D)
  8 merfolk impalers (D)
  9 fire dragons (D)
  25 vault guards (D)
  A boulder beetle (D)
  4 great orbs of eyes (D)
  3 naga warriors (D)
  3 ice dragons (D)
  A spriggan air mage (D)
  12 hydras (D)
  2 catoblepae (D)
  An alligator snapping turtle (D)
  An alligator (D)
  An anaconda (D)
  An ironbound frostheart (D)
  An ogre mage (D)
  A centaur warrior (D)
  2 merfolk avatars (D)
  A deep troll shaman (D)
  3 merfolk aquamancers (D)
  5 death yaks (D)
  A deep troll earth mage (D)
  Urug (D)
  A spriggan berserker (D)
  Sonja (D)
  8 orc high priests (D)
  A hell knight (D)
  2 pharaoh ants (D)
  A goliath frog (D)
  An orb spider (D)
  A flayed ghost (D)
  3 swamp dragons (D)
  A wizard (D)
  2 lindwurms (D)
  A spriggan druid (D)
  A deep elf pyromancer (D)
  2 ironbound convokers (D)
  4 wolf spiders (D)
  2 orc knights (D)
  2 manticores (D)
  2 ugly things (D)
  An orc sorcerer (D)
  9 moths of wrath (D)
  Joseph (D)
  5 guardian serpents (D)
  4 naga magi (D)
  4 vault sentinels (D)
  2 gargoyles (D)
  4 black mambas (D)
  2 demonic crawlers (D)
  4 cane toads (D)
  A tengu conjurer (D)
  3 komodo dragons (D)
  A freezing wraith (D)
  A yaktaur (D)
  2 merfolk (D)
  A troll (D)
  A tyrant leech (D)
  A hornet (D)
  A dream sheep (shapeshifter) (D)
  A slime creature (D)
  3 wraiths (D)
  A jumping spider (D)
  3 snapping turtles (D)
  12 spriggans (D)
  4 yaks (D)
  2 wyverns (D)
  A hog (D)
  3 redbacks (D)
  A basilisk (D)
  A vampire mosquito (D)
  2 nagas (D)
  2 water moccasins (D)
  A floating eye (D)
  A swamp drake (D)
  A black bear (shapeshifter) (D)
  8 orc warriors (D)
  2 centaurs (D)
  A kobold brigand (D)
  A scorpion (D)
  3 bullfrogs (D)
  A hound (D)
  8 orc priests (D)
  4 orc wizards (D)
  An adder skeleton (D)
  9 orcs (D)
  2 ball pythons (D)
  A bat skeleton (D)
  A hobgoblin (D)
  A quokka (D)
  A rat (D)
452 creatures vanquished.

Vanquished Creatures (collateral kills)
  A slime creature (D)
1 creature vanquished.

Vanquished Creatures (others)
  A wizard (D)
  A cyclops (D)
  A naga (D)
3 creatures vanquished.

Grand Total: 456 creatures vanquished

Notes
Turn   | Place    | Note
-------+----------+-------------------------------------------
     0 | D        | mhtbhm the Minotaur Fighter began the quest for the Orb.
     0 | D        | Reached XP level 1. HP: 19/19 MP: 0/0
    49 | D        | Noticed a scorpion
    49 | D        | Noticed an orc wizard
    49 | D        | Noticed a hound
    54 | D        | Killed a hound
    55 | D        | Reached skill level 5 in Fighting
    55 | D        | Reached skill level 5 in Armour
    55 | D        | Reached skill level 5 in Shields
    55 | D        | Reached XP level 2. HP: 24/30 MP: 1/1
    55 | D        | Reached XP level 3. HP: 29/37 MP: 2/2
    69 | D        | Killed a scorpion
    70 | D        | Reached skill level 5 in Maces & Flails
    70 | D        | Reached XP level 4. HP: 22/47 MP: 3/3
   313 | D        | Found a snail-covered altar of Cheibriados.
   313 | D        | Found a shadowy altar of Dithmenos.
   313 | D        | Found a white marble altar of Elyvilon.
   313 | D        | Found a blossoming altar of Fedhas.
   313 | D        | Found an opulent altar of Gozag.
   314 | D        | Found a hazy altar of Hepliaklqana.
   315 | D        | Found a viscous altar of Jiyva.
   316 | D        | Found an ancient bone altar of Kikubaaqudgha.
   317 | D        | Found a corrupted altar of Lugonu.
   318 | D        | Found a burning altar of Makhleb.
   319 | D        | Found a sparkling altar of Nemelex Xobeh.
   320 | D        | Found an iron altar of Okawaru.
   321 | D        | Found a stormy altar of Qazlal.
   322 | D        | Found a sacrificial altar of Ru.
   323 | D        | Found a shimmering blue altar of Sif Muna.
   324 | D        | Found a bloodstained altar of Trog.
   325 | D        | Found a hide-covered altar of Uskayaw.
   326 | D        | Found a radiant altar of Vehumet.
   327 | D        | Found an ornate altar of the Wu Jian Council.
   328 | D        | Found a shimmering altar of Xom.
   329 | D        | Found a basalt altar of Yredelemnul.
   330 | D        | Found a glowing silver altar of Zin.
   331 | D        | Found a glowing golden altar of the Shining One.
   373 | D        | Became a worshipper of Gozag Ym Sagoz the Greedy
   437 | D        | Noticed a vampire mosquito
   437 | D        | Noticed a kobold brigand
   437 | D        | Noticed a wyvern
   437 | D        | Noticed a yak
   437 | D        | Noticed a centaur
   437 | D        | Noticed a troll
   441 | D        | Killed a troll
   442 | D        | Reached skill level 1 in Dodging
   442 | D        | Reached XP level 5. HP: 37/56 MP: 4/4
   444 | D        | Killed a centaur
   445 | D        | Reached XP level 6. HP: 42/62 MP: 5/5
   446 | D        | Killed a yak
   448 | D        | Killed a wyvern
   449 | D        | Reached skill level 10 in Armour
   449 | D        | Reached skill level 1 in Stealth
   449 | D        | Reached XP level 7. HP: 43/71 MP: 6/6
   451 | D        | Reached skill level 10 in Fighting
   451 | D        | Reached skill level 10 in Shields
   452 | D        | Killed a vampire mosquito
   453 | D        | Reached skill level 10 in Maces & Flails
   581 | D        | Noticed an eight-headed hydra
   581 | D        | Noticed a green ugly thing
   581 | D        | Noticed a gargoyle
   581 | D        | Noticed a centaur warrior
   581 | D        | Noticed a gargoyle
   589 | D        | Killed a gargoyle
   590 | D        | Reached XP level 8. HP: 54/81 MP: 7/7
   596 | D        | Killed a centaur warrior
   626 | D        | Killed a green ugly thing
   627 | D        | Reached skill level 5 in Dodging
   627 | D        | Reached skill level 1 in Evocations
   627 | D        | Reached XP level 9. HP: 61/90 MP: 8/8
   665 | D        | Killed an eight-headed hydra
   672 | D        | Killed a gargoyle
  1037 | D        | Got Sif Muna's Tome of Transformation and the Compass
  1050 | D        | Noticed a cane toad
  1050 | D        | Noticed a cane toad
  1050 | D        | Noticed a black mamba
  1050 | D        | Noticed a komodo dragon
  1057 | D        | Killed a komodo dragon
  1058 | D        | Reached skill level 5 in Stealth
  1063 | D        | Killed a black mamba
  1064 | D        | Reached skill level 15 in Maces & Flails
  1068 | D        | Noticed a cane toad
  1086 | D        | Killed a cane toad
  1087 | D        | Reached XP level 10. HP: 28/100 MP: 9/9
  1374 | D        | Killed a cane toad
  1385 | D        | Killed a cane toad
  1411 | D        | Noticed a death yak
  1411 | D        | Noticed a four-headed hydra
  1418 | D        | Killed a four-headed hydra
  1424 | D        | Noticed a cane toad
  1425 | D        | Killed a death yak
  1447 | D        | Killed a cane toad
  1575 | D        | Noticed a catoblepas
  1575 | D        | Noticed a death yak
  1575 | D        | Noticed a catoblepas
  1575 | D        | Noticed a death yak
  1576 | D        | Noticed a death yak
  1597 | D        | Noticed a death yak
  1603 | D        | Killed a death yak
  1604 | D        | Reached XP level 11. HP: 81/111 MP: 10/10
  1636 | D        | Killed a catoblepas
  1637 | D        | Reached skill level 15 in Fighting
  1652 | D        | Killed a death yak
  2058 | D        | Killed a catoblepas
  2072 | D        | Killed a death yak
  2073 | D        | Reached skill level 10 in Dodging
  2082 | D        | Killed a death yak
  2283 | D        | Noticed Urug
  2308 | D        | Killed Urug
  2645 | D        | Noticed Josephine
  2661 | D        | Killed Josephine
  2793 | D        | Noticed an orc knight
  2809 | D        | Killed an orc knight
  2965 | D        | Noticed an orc sorcerer
  2985 | D        | Killed an orc sorcerer
  3035 | D        | Found Quffuzal's Jewellery Boutique.
  3035 | D        | Noticed an orc high priest
  3035 | D        | Noticed an orc high priest
  3035 | D        | Noticed an orc high priest
  3036 | D        | Noticed an orc high priest
  3037 | D        | Noticed a soul eater
  3041 | D        | Killed an orc high priest
  3042 | D        | Found Umaxaipo's Assorted Antiques.
  3042 | D        | Noticed an orc high priest
  3043 | D        | Noticed a sun demon
  3046 | D        | Noticed a sun demon
  3054 | D        | Killed an orc high priest
  3058 | D        | Killed an orc high priest
  3059 | D        | Reached XP level 12. HP: 78/127 MP: 11/11
  3068 | D        | Noticed an orc high priest
  3077 | D        | Killed an orc high priest
  3078 | D        | Reached skill level 1 in Throwing
  3392 | D        | Killed an orc high priest
  3559 | D        | Killed an orc high priest
  3576 | D        | Found Saiff's Book Boutique.
  3583 | D        | Found Qyn Qaod's Antique Armour Shop.
  3587 | D        | Noticed an orc high priest
  3589 | D        | Noticed an orc high priest
  3596 | D        | Killed an orc high priest
  3601 | D        | Killed an orc high priest
  3769 | D        | Bought a potion of haste for 270 gold pieces
  3769 | D        | Bought a lumpy blue potion for 24 gold pieces
  3769 | D        | Bought a scroll labelled FERIAC WAOSYON for 27 gold pieces
  3769 | D        | Bought a scroll of fear for 94 gold pieces
  3771 | D        | Bought the amulet "Zenkuni" {rF+ Will+ Regen+} for 595 gold
                  | pieces
  3771 | D        | Bought the ring "Cilio" {rPois rN+} for 374 gold pieces
  3783 | D        | Bought a shiny plate armour for 650 gold pieces
  3848 | D        | Noticed Joseph
  3860 | D        | Killed Joseph
  3895 | D        | Noticed Sonja
  3900 | D        | Killed Sonja
  3958 | D        | Found the +1 robe of Vines {NoPotionHeal Regen++++}
  4089 | D        | Got the +3 plate armour of Mordant Satisfaction {Rampage
                  | Stlth+}
  4181 | D        | Bought a scroll of fear for 45 gold pieces
  4181 | D        | Bought a box of beasts for 520 gold pieces
  4181 | D        | Bought a scroll of identify for 26 gold pieces
  4193 | D        | Noticed a stone giant
  4205 | D        | Noticed a stone giant
  4214 | D        | Noticed a fire dragon
  4217 | D        | Noticed a fire giant
  4224 | D        | Paralysed by a floating eye for 2 turns
  4227 | D        | Killed a stone giant
  4228 | D        | Noticed a fire dragon
  4234 | D        | Killed a stone giant
  4251 | D        | Killed a fire dragon
  4257 | D        | Killed a fire giant
  4268 | D        | Killed a fire dragon
  4269 | D        | Reached skill level 5 in Throwing
  4361 | D        | Noticed Agnes
  4378 | D        | Killed Agnes
  4379 | D        | Reached skill level 15 in Shields
  4506 | D        | Noticed an anaconda
  4506 | D        | Noticed a nagaraja
  4511 | D        | Reached XP level 13. HP: 127/140 MP: 12/12
  4517 | D        | Killed a nagaraja
  4524 | D        | Reached skill level 15 in Armour
  4567 | D        | Noticed a thorn hunter
  4567 | D        | Noticed a thorn hunter
  4567 | D        | Noticed a bunyip
  4577 | D        | Killed a bunyip
  4584 | D        | Killed a thorn hunter
  4594 | D        | Killed a thorn hunter
  4724 | D        | Noticed an entropy weaver
  4741 | D        | Reached skill level 10 in Stealth
  4743 | D        | Killed an entropy weaver
  5105 | D        | Noticed a merfolk impaler
  5110 | D        | Killed a merfolk impaler
  5187 | D        | Noticed Rupert
  5188 | D        | Paralysed by Rupert for 2 turns
  5232 | D        | Killed Rupert
  5233 | D        | Reached skill level 5 in Evocations
  5276 | D        | Noticed Kirke
  5285 | D        | Killed Kirke
  5419 | D        | Noticed a brown very ugly thing
  5419 | D        | Noticed a frost giant
  5419 | D        | Noticed an ettin
  5419 | D        | Noticed a spriggan defender
  5419 | D        | Noticed a green very ugly thing
  5422 | D        | Killed an ettin
  5423 | D        | Killed a green very ugly thing
  5424 | D        | Killed a brown very ugly thing
  5425 | D        | Reached XP level 14. HP: 129/154 MP: 13/13
  5659 | D        | Killed a spriggan defender
  5665 | D        | Killed a frost giant
  5774 | D        | Bought a scroll of brand weapon for 380 gold pieces
  5774 | D        | Bought a scroll of immolation for 66 gold pieces
  5774 | D        | Bought a scroll of enchant armour for 142 gold pieces
  5774 | D        | Bought a scroll of immolation for 66 gold pieces
  5776 | D        | Bought a potion of heal wounds for 80 gold pieces
  5776 | D        | Bought 2 potions of curing for 96 gold pieces
  5776 | D        | Bought 2 potions of heal wounds for 160 gold pieces
  5892 | D        | Noticed a stone giant
  5893 | D        | Noticed a stone giant
  5894 | D        | Noticed a frost giant
  5897 | D        | Noticed a brown very ugly thing
  5907 | D        | Killed a stone giant
  5908 | D        | Noticed a frost giant
  5911 | D        | Killed a stone giant
  5922 | D        | Killed a frost giant
  5933 | D        | Killed a brown very ugly thing
  5934 | D        | Reached skill level 10 in Throwing
  5952 | D        | Killed a frost giant
  6008 | D        | Noticed an ironbound preserver
  6015 | D        | Noticed a vault warden
  6015 | D        | Noticed an ironbound preserver
  6016 | D        | Noticed an ironbound thunderhulk
  6019 | D        | Killed an ironbound preserver
  6034 | D        | Noticed a vault warden
  6041 | D        | Killed a vault warden
  6045 | D        | Killed an ironbound thunderhulk
  6046 | D        | Noticed a vault warden
  6048 | D        | Killed an ironbound preserver
  6051 | D        | Noticed an ironbound thunderhulk
  6065 | D        | Killed a vault warden
  6066 | D        | Noticed an orc warlord
  6073 | D        | Killed a vault warden
  6078 | D        | Killed an orc warlord
  6082 | D        | Killed an ironbound thunderhulk
  6243 | D        | Noticed a tengu reaver
  6244 | D        | Noticed Sojobo
  6244 | D        | Noticed a tengu reaver
  6256 | D        | HP: 7/154 [tengu reaver[Sojobo] (1)]
  6257 | D        | HP: 3/154 [tengu reaver[Sojobo] (1)]
  6494 | D        | Killed a tengu reaver
  6519 | D        | Killed Sojobo
  6527 | D        | Killed a tengu reaver
  6528 | D        | Reached XP level 15. HP: 87/168 MP: 14/14
  6873 | D        | Noticed an emperor scorpion
  6876 | D        | Noticed an emperor scorpion
  6878 | D        | Killed an emperor scorpion
  6886 | D        | Noticed an emperor scorpion
  6887 | D        | Noticed an emperor scorpion
  6898 | D        | Killed an emperor scorpion
  6915 | D        | Killed an emperor scorpion
  6919 | D        | Killed an emperor scorpion
  6928 | D        | Got a gossamer rune of Zot
  7069 | D        | Got a decaying rune of Zot
  7101 | D        | Noticed a nagaraja
  7102 | D        | Noticed a nagaraja
  7103 | D        | Killed a nagaraja
  7106 | D        | Killed a nagaraja
  7158 | D        | Got a serpentine rune of Zot
  7191 | D        | Noticed Ilsuiw
  7197 | D        | Reached skill level 27 in Maces & Flails
  7213 | D        | Killed Ilsuiw
  7278 | D        | Got a barnacled rune of Zot
  7350 | D        | Noticed Louise
  7358 | D        | Killed Louise
  7359 | D        | Reached skill level 27 in Shields
  7452 | D        | Reached skill level 27 in Fighting
  7479 | D        | Reached XP level 16. HP: 183/183 MP: 15/15
  7517 | D        | Reached skill level 15 in Stealth
  7653 | D        | Bought a tin of tremorstones (2/2) for 1360 gold pieces
  7653 | D        | Bought a potion of resistance for 340 gold pieces
  7653 | D        | Bought a condenser vane for 1360 gold pieces
  7654 | D        | Noticed a shadow dragon
  7654 | D        | Noticed a tengu reaver
  7661 | D        | Killed a tengu reaver
  7671 | D        | Killed a shadow dragon
  7674 | D        | Noticed a shadow dragon
  7689 | D        | Identified the +10 glaive "Decunag" {holy, rC+ Will+ rCorr
                  | Stlth+}
  7689 | D        | Noticed a sphinx
  7694 | D        | Noticed a shadow dragon
  7701 | D        | Noticed a sphinx
  7810 | D        | Killed a shadow dragon
  7815 | D        | Reached skill level 15 in Dodging
  7818 | D        | Killed a sphinx
  7819 | D        | Reached skill level 10 in Evocations
  7823 | D        | Killed a shadow dragon
  7846 | D        | Killed a sphinx
  7909 | D        | Identified the +0 pair of gloves "Dafu" {Rampage Will+
                  | Dex+3 Slay+6}
  7950 | D        | Noticed a shadow dragon
  7950 | D        | Noticed a golden dragon
  7950 | D        | Noticed a quicksilver dragon
  7950 | D        | Noticed a shadow dragon
  7952 | D        | Killed a shadow dragon
  7954 | D        | Noticed a quicksilver dragon
  7954 | D        | Noticed a golden dragon
  7955 | D        | Killed a golden dragon
  7956 | D        | Killed a quicksilver dragon
  7957 | D        | Reached skill level 15 in Throwing
  7957 | D        | Noticed a shadow dragon
  7962 | D        | Killed a shadow dragon
  7974 | D        | Killed a golden dragon
  7980 | D        | Killed a shadow dragon
  7987 | D        | Killed a quicksilver dragon
  7989 | D        | Got a silver rune of Zot
  8083 | D        | Noticed Xtahua
  8093 | D        | Bought a scroll of acquirement for 936 gold pieces
  8093 | D        | Bought the necklace of Bloodlust {*Rage Will++ Int-3
                  | Slay+6} for 714 gold pieces
  8093 | D        | Found the necklace of Bloodlust {*Rage Will++ Int-3 Slay+6}
  8095 | D        | Bought a scroll of enchant armour for 90 gold pieces
  8095 | D        | Bought a scroll of enchant armour for 90 gold pieces
  8112 | D        | Killed Xtahua
  8169 | D        | Got the ring of Yju Tihelu {rF+ MP+9 EV+3 Str-4 Int+6}
  8171 | D        | Got the amulet of Liklaemm {RegenMP rC+}
  8173 | D        | Got the ring "Usiashropt" {rF+ Dex+4 Slay+4 Stlth+}
  8175 | D        | Got the amulet of Doujazu {Regen+ Int+2}
  8177 | D        | Got the ring "Kuzider" {rN+ AC+3}
  8221 | D        | Got the +0 cloak of Magic {rC++ Will-}
  8324 | D        | Noticed Nikola
  8327 | D        | Noticed Boris
  8348 | D        | Killed Boris
  8361 | D        | Killed Nikola
  8554 | D        | Noticed Mennas
  8557 | D        | Noticed Jory
  8579 | D        | Killed Mennas
  8580 | D        | Reached skill level 15 in Evocations
  8589 | D        | Killed Jory
  8646 | D        | Noticed Frederick
  8653 | D        | Killed Frederick
  8654 | D        | Reached XP level 17. HP: 182/191 MP: 16/16
  8733 | D        | Noticed a golden dragon
  8736 | D        | Reached skill level 27 in Armour
  8736 | D        | Killed a golden dragon
  8821 | D        | Noticed a golden dragon
  8836 | D        | Killed a golden dragon
  8860 | D        | Noticed a golden dragon
  8860 | D        | Noticed a quicksilver dragon
  8874 | D        | Killed a quicksilver dragon
  8878 | D        | Killed a golden dragon
  8959 | D        | Noticed a tentacled monstrosity
  8969 | D        | Killed a tentacled monstrosity
  9037 | D        | Noticed a curse toe
  9041 | D        | Noticed a tentacled monstrosity
  9049 | D        | Noticed a golden dragon
  9052 | D        | Killed a tentacled monstrosity
  9061 | D        | Killed a curse toe
  9065 | D        | Killed a golden dragon
  9250 | D        | Noticed an Orb Guardian
  9250 | D        | Noticed an Orb Guardian
  9250 | D        | Noticed an Orb Guardian
  9250 | D        | Noticed an Orb Guardian
  9250 | D        | Noticed an Orb Guardian
  9250 | D        | Noticed an Orb Guardian
  9251 | D        | Noticed an Orb Guardian
  9252 | D        | Killed an Orb Guardian
  9256 | D        | Killed an Orb Guardian
  9261 | D        | Killed an Orb Guardian
  9267 | D        | Killed an Orb Guardian
  9269 | D        | Killed an Orb Guardian
  9270 | D        | Noticed an Orb Guardian
  9272 | D        | Killed an Orb Guardian
  9279 | D        | Killed an Orb Guardian
  9281 | D        | Noticed an Orb Guardian
  9283 | D        | Killed an Orb Guardian
  9284 | D        | Reached XP level 18. HP: 188/200 MP: 17/17
  9284 | D        | Noticed an Orb Guardian
  9288 | D        | Killed an Orb Guardian
  9294 | D        | Killed an Orb Guardian
  9329 | D        | Acquired 1165 gold pieces
  9340 | D        | Bought the +17 storm dragon scales "Hadusei" {rElec Slay+2}
                  | for 2379 gold pieces
  9349 | D        | Noticed an Orb Guardian
  9349 | D        | Noticed an Orb Guardian
  9350 | D        | Noticed an Orb Guardian
  9351 | D        | Killed an Orb Guardian
  9352 | D        | Killed an Orb Guardian
  9353 | D        | Noticed an Orb Guardian
  9356 | D        | Killed an Orb Guardian
  9374 | D        | Killed an Orb Guardian
  9401 | D        | Noticed an ancient lich
  9410 | D        | Killed an ancient lich
  9411 | D        | Reached skill level 27 in Throwing
  9413 | D        | Noticed an orb of fire
  9413 | D        | Gained mutation: You have hidden genetic defects. [an orb
                  | of fire]
  9419 | D        | Killed an orb of fire
  9422 | D        | Noticed an electric golem
  9429 | D        | Killed an electric golem
  9432 | D        | Noticed a Killer Klown
  9432 | D        | Noticed a golden dragon
  9432 | D        | Noticed an ancient lich
  9432 | D        | Noticed an ancient lich
  9432 | D        | Noticed an electric golem
  9438 | D        | Noticed an orb of fire
  9440 | D        | Killed an ancient lich
  9442 | D        | Noticed an orb of fire
  9454 | D        | Killed an ancient lich
  9456 | D        | Killed an electric golem
  9493 | D        | Killed a golden dragon
  9507 | D        | Killed an orb of fire
  9508 | D        | Noticed an orb of fire
  9511 | D        | Noticed an orb of fire
  9516 | D        | Killed an orb of fire
  9524 | D        | Noticed an Orb Guardian
  9526 | D        | Noticed a Killer Klown
  9539 | D        | Killed an orb of fire
  9540 | D        | Reached skill level 27 in Evocations
  9545 | D        | Killed an orb of fire
  9546 | D        | Gained mutation: Your spells are a little easier to cast,
                  | but a little less powerful. [hidden defects]
  9555 | D        | Killed an Orb Guardian
  9560 | D        | Noticed an electric golem
  9561 | D        | Killed a Killer Klown
  9564 | D        | Killed a Killer Klown
  9572 | D        | Killed an electric golem
  9691 | D        | Noticed an Orb Guardian
  9691 | D        | Noticed an Orb Guardian
  9691 | D        | Noticed an Orb Guardian
  9691 | D        | Noticed an Orb Guardian
  9691 | D        | Noticed an Orb Guardian
  9691 | D        | Noticed an Orb Guardian
  9695 | D        | Killed an Orb Guardian
  9698 | D        | Killed an Orb Guardian
  9702 | D        | Noticed an Orb Guardian
  9704 | D        | Killed an Orb Guardian
  9709 | D        | Killed an Orb Guardian
  9713 | D        | Killed an Orb Guardian
  9714 | D        | Reached skill level 27 in Dodging
  9715 | D        | Killed an Orb Guardian
  9715 | D        | Noticed an Orb Guardian
  9716 | D        | Reached skill level 1 in Short Blades
  9716 | D        | Reached skill level 1 in Long Blades
  9716 | D        | Reached skill level 1 in Axes
  9716 | D        | Reached skill level 1 in Polearms
  9716 | D        | Reached skill level 1 in Staves
  9717 | D        | Killed an Orb Guardian
  9718 | D        | Reached skill level 1 in Slings
  9718 | D        | Reached skill level 1 in Bows
  9718 | D        | Reached skill level 1 in Crossbows
  9718 | D        | Reached skill level 1 in Unarmed Combat
  9718 | D        | Reached skill level 1 in Transmutations
  9718 | D        | Reached skill level 1 in Earth Magic
  9718 | D        | Reached skill level 1 in Invocations
  9720 | D        | Noticed an Orb Guardian
  9721 | D        | Reached skill level 1 in Spellcasting
  9721 | D        | Noticed an Orb Guardian
  9722 | D        | Noticed an Orb Guardian
  9723 | D        | Gained mutation: You tend to lose your temper in combat.
                  | [hidden defects]
  9723 | D        | Lost mutation: You have hidden genetic defects. [hidden
                  | defects expressed]
  9728 | D        | Killed an Orb Guardian
  9731 | D        | Killed an Orb Guardian
  9731 | D        | Noticed an Orb Guardian
  9732 | D        | Reached XP level 19. HP: 207/207 MP: 17/21
  9861 | D        | Noticed an ancient lich
  9876 | D        | Killed an ancient lich
  9881 | D        | Reached skill level 5 in Spellcasting
  9900 | D        | Paralysed by a vampire knight for 5 turns
  9946 | D        | Bought a scroll of holy word for 97 gold pieces
  9946 | D        | Bought 3 scrolls of brand weapon for 780 gold pieces
  9947 | D        | Upgraded the game from 0.28-a0-1594-ga885d4b3d6 to
                  | 0.28-a0-1613-gdaab1c2f9b
 10150 | D        | Got an elven rune of Zot
 10259 | D        | Noticed the Royal Jelly
 10295 | D        | Paralysed by a floating eye for 4 turns
 10305 | D        | Killed the Royal Jelly
 10306 | D        | Reached skill level 10 in Spellcasting
 10333 | D        | Killed from afar by an acid blob

Illustrated notes

Levels and vault maps discovered:
D:        linesprint [early_d, line_temple, items_1, d_10, items_2, lair_1,
          lair_end, items_3, orc_1, orc_end, items_4, d_15, swamp_1, shoals_1,
          snake_1, spider_1, d_20, vaults_1, items_5, swamp_end, shoals_end,
          snake_end, spider_end, vaults_end, d_27, items_6, zot_1, zot_end,
          crypt_end, forest_end, elf_end, slime_end, tomb_end, abyss_end,
          pan_hell_end]

Skill      XL: |  1  2  3  4  5  6  7  8  9 10 11 12 13 14 15 16 17 18 19 |
---------------+----------------------------------------------------------+-----
Fighting       | 5 7 8 9 10 11 12 14 17 20 22 24 27 | 27.0
Armour         | 5 6 8 10 11 12 13 14 16 19 21 26 27 | 27.0
Shields        | 5 7 8 9 10 11 12 14 15 18 22 27 | 27.0
Maces & Flails | 3 5 6 7 9 11 13 15 17 20 22 23 25 27 | 27.0
Dodging        | 1 2 3 5 7 9 10 11 12 14 15 18 27 | 27.0
Stealth        | 1 2 4 5 8 9 10 11 14 16 17 26 | 26.2
Evocations     | 1 3 4 5 15 22 27 | 27.0
Throwing       | 5 9 10 12 16 25 27 | 27.0
Short Blades   | 1 |  1.3
Long Blades    | 1 |  1.3
Axes           | 1 |  1.4
Polearms       | 1 |  1.3
Staves         | 1 |  1.3
Slings         | 1 |  1.2
Bows           | 1 |  1.2
Crossbows      | 1 |  1.2
Unarmed Combat | 1 |  1.2
Transmutations | 1 |  1.0
Earth Magic    | 1 |  1.0
Invocations    | 1 |  1.3
Spellcasting   | 2 10 | 10.1
Conjurations   | |  0.7
Hexes          | |  0.7
Summonings     | |  0.8
Necromancy     | |  0.8
Translocations | |  0.8
Fire Magic     | |  0.8
Ice Magic      | |  0.8
Air Magic      | |  0.8
Poison Magic   | |  0.8

Action                   |  1- 3 |  4- 6 |  7- 9 | 10-12 | 13-15 | 16-18 | 19-21 || total
-------------------------+-------+-------+-------+-------+-------+-------+-------++-------
Melee: Flail             |    27 |     3 |       |       |       |       |       ||    30
       Headbutt          |     1 |     2 |    11 |   103 |   157 |   178 |    58 ||   510
       Morningstar       |       |     8 |    56 |   377 |   595 |   485 |       ||  1521
       Sacred scourge    |       |       |       |       |       |   143 |   172 ||   315
Throw: Javelin           |       |       |       |    14 |    39 |    28 |     4 ||    85
       Dart              |       |       |       |     7 |     1 |     9 |       ||    17
Invok: Potion Petition   |       |       |       |     6 |     9 |     2 |       ||    17
       Call Merchant     |       |       |       |     1 |     3 |     4 |     1 ||     9
Evoke: Wand              |       |       |     8 |     2 |       |       |       ||    10
       Box of beasts     |       |       |       |     1 |     2 |       |       ||     3
       Tin of tremorston |       |       |       |       |       |     4 |     2 ||     6
       Condenser vane    |       |       |       |       |       |     2 |     1 ||     3
  Use: Potion            |     1 |     3 |     2 |     3 |     9 |     4 |       ||    22
       Scroll            |       |       |       |     3 |     2 |    12 |       ||    17
 Stab: Invisible         |       |     2 |       |     2 |     5 |       |       ||     9
       Distracted        |       |       |     1 |     5 |    12 |    32 |     7 ||    57
       Petrified         |       |       |       |     4 |       |       |       ||     4
       Petrifying        |       |       |       |     1 |       |       |       ||     1
       Confused          |       |       |       |       |     1 |       |       ||     1
       Sleeping          |       |       |       |       |       |     5 |       ||     5
Armor: Scale mail        |     9 |     4 |       |       |       |       |       ||    13
       Ring mail         |       |     3 |    24 |    55 |       |       |       ||    82
       Plate armour      |       |       |       |    24 |   167 |    70 |       ||   261
       Skin              |       |       |       |     5 |    21 |     5 |       ||    31
       Storm dragon scal |       |       |       |       |       |    17 |    31 ||    48
Dodge: Dodged            |     8 |    15 |    18 |    59 |    84 |    85 |    18 ||   287
Block: Buckler           |     8 |     3 |    13 |    53 |       |       |       ||    77
       Tower shield      |       |       |       |    32 |   416 |   260 |    54 ||   762

Table legend: (Time is in decaauts)
 A = Elapsed time spent in this place.
 B = Non-inter-level travel time spent in this place.
 C = Inter-level travel time spent in this place.
 D = Time resting spent in this place.
 E = Time spent auto-exploring this place.
 F = Levels seen in this place.
 G = Mean time per level.
                   A        B        C        D        E       F      G
               +--------+--------+--------+--------+--------+-----+--------+
         Total |   9653 |   9653 |      0 |   3482 |   1635 |   1 | 9653.0 |
       Dungeon |   9653 |   9653 |      0 |   3482 |   1635 |   1 | 9653.0 |
               +--------+--------+--------+--------+--------+-----+--------+

Top non-repeatable levels by time:
       D: 9653 daAuts
